 Dungeon Crawl Stone Soup version 0.30-a0-377-g5cb311bc9f (webtiles) character file.

Game seed: 12235933287778830587

2352 NinjaNoafa the Summoner (level 9, -4/34 HPs)
             Began as a Felid Summoner on Nov 30, 2022.
             Succumbed to barbed spike wounds
             ... on level 9 of the Dungeon.
             The game lasted 00:20:41 (9827 turns).

NinjaNoafa the Summoner (Felid Summoner)            Turns: 9827, Time: 00:20:42

Health: -4/34      AC:  6    Str:  9      XL:     9   Next: 20%
Magic:  10/22      EV: 18    Int: 18 (20) God:
Gold:   431        SH:  0    Dex: 20      Spells: 9/25 levels left
                                        Lives:  0   Deaths: 2

rFire   . . .      SeeInvis +    (weapon unavailable)
rCold   . . .      Faith    .    (shield unavailable)
rNeg    . . .      Spirit   .    (body armour unavailable)
rPois   .          Reflect  .    (helmet unavailable)
rElec   .          Harm     .    (cloak unavailable)
rCorr   .          Rampage  .    (gloves unavailable)
Will    +....                    (boots unavailable)
Stlth   ++........               (no amulet)
HPRegen 0.25/turn                E - +6 ring of strength
MPRegen 0.18/turn                j - +4 ring of protection

@: spiked, unable to drink, quick
A: very small, claws 1, fangs 3, see invisible, speed 1, shaggy fur 2, stealthy
paws, no weapons or thrown items, no armour, multi-lived, agile 1, inability to
drink after injury 1
a: no special abilities


You were on level 9 of the Dungeon.
You visited 1 branch of the dungeon, and saw 9 of its levels.
You also visited: Ossuary.

You collected 431 gold pieces.

Inventory:

Jewellery
 b - a ring of flight
 j - a +4 ring of protection (right paw)
 m - a ring of fire
 E - a +6 ring of strength (left paw)
Wands
 p - a wand of polymorph (8)
 y - a wand of light (10)
Scrolls
 c - 2 scrolls of magic mapping
 f - 5 scrolls of vulnerability
 h - 2 scrolls of enchant armour {unknown}
 i - a scroll of teleportation
 l - 2 scrolls of amnesia {unknown}
 o - a scroll of summoning {unknown}
 q - a scroll of acquirement {unknown}
 r - a scroll of silence {unknown}
 u - a scroll of poison {unknown}
 x - 2 scrolls of immolation
 z - 3 scrolls of fog {unknown}
 A - a scroll of brand weapon {unknown}
 C - 9 scrolls of noise
 D - a scroll of blinking
 F - a scroll of identify
 I - a scroll of torment {unknown}
Potions
 a - 2 potions of magic
 d - 3 potions of curing
 e - 2 potions of lignification {unknown}
 g - a potion of invisibility {unknown}
 k - 4 potions of cancellation
 n - 2 potions of brilliance
 s - 8 potions of degeneration
 t - 4 potions of heal wounds {unknown}
 v - 2 potions of resistance {unknown}
 w - 3 potions of haste {unknown}
 B - a potion of attraction {unknown}
 G - a potion of mutation
 H - a potion of ambrosia {unknown}


   Skills:
 - Level 2.6 Dodging
 - Level 2.6 Stealth
 + Level 8.8 Spellcasting
 - Level 5.0 Hexes
 - Level 10.0 Summonings
 + Level 3.9 Air Magic


You had 9 spell levels left.
You knew the following spells:

 Your Spells              Type           Power      Damage    Failure   Level
a - Summon Small Mammal   Summ           100%       N/A       1%          1
b - Call Imp              Summ           43%        N/A       1%          2
c - Call Canine Familiar  Summ           43%        N/A       1%          3
d - Summon Guardian Gole  Hex/Summ       34%        N/A       1%          3
e - Summon Lightning Spi  Summ/Air       33%        N/A       4%          4
f - Confusing Touch       Hex            25%        N/A       3%          3

Your spell library contained the following spells:

 Spells                   Type           Power      Damage    Failure   Level
 Kiss of Death            Conj/Necr      28%        2d7       9%          1
 Airstrike                Air            11%        2d(2-18)  19%         4
 Dispel Undead            Necr           7%         3d8       65%         4
 Lightning Bolt           Conj/Air       7%         1d20      73%         5


Dungeon Overview and Level Annotations

Branches:
Dungeon (9/15)               Lair (0/5) D:9         Ossuary (visited)
 Temple: D:4-7          Orc: D:9-12

Altars:
Ashenzari
Dithmenos
Hepliaklqana
Kikubaaqudgha
Makhleb
Uskayaw
Vehumet
Xom


Innate Abilities, Weirdness & Mutations

You have sharp claws.
You have razor-sharp teeth.
You have supernaturally acute eyesight. (SInv)
You cover ground quickly. (Speed+)
You are covered in thick fur. (AC +2)
Your paws help you pounce on unaware monsters.
You are incapable of wielding weapons or throwing items.
You cannot wear armour.
You gain extra lives every three experience levels.
You are agile. (Dex +4, Str/Int -1)
You occasionally lose the ability to drink potions when taking damage.


Message History

The kobold demonologist gestures wildly while chanting.
Your wolf closely misses the kobold demonologist.
Casting: Call Canine Familiar (safe; 1% risk of failure)
Confirm with . or Enter, or press ? or * to list all spells.
An electric hum fills the air.
Your wolf bites the kobold demonologist!
The red devil hits you with a +0 trident.
Barbed spikes become lodged in your body.
The kobold demonologist hits your guardian golem but does no damage.
Your wolf closely misses the kobold demonologist.
The barbed spikes dig painfully into your body as you move.
Your wolf misses the kobold demonologist.
The red devil barely misses you.
The kobold demonologist hits your guardian golem but does no damage.
The barbed spikes dig painfully into your body as you move.
* * * LOW HITPOINT WARNING * * *
Your wolf barely misses the kobold demonologist.
The kobold demonologist hits your guardian golem but does no damage.
What are your orders? t - Meow!
Orders for allies: a - Attack new target. p - Attack previous target. r - Retreat! s - Stop attacking. g - Guard the area. f - Follow me.
Anything else - Cancel.
Gang up on whom?
Press: ? - help, Dir - move target, f - red devil, p - kobold demonologist
Aim: a red devil, wielding a +0 trident (summoned) Attack!
Your wolf closely misses the red devil.
The neqoxec gestures at you.
You feel dopey. Something feeds on your intellect!
The red devil hits you from afar with a +0 trident!
You feel threatened and lose the ability to drink potions!
* * * LOW HITPOINT WARNING * * *
Barbed spikes become lodged in your body.
The iron imp misses you.
You cannot drink potions in your current state!
You cannot drink potions in your current state!
The barbed spikes dig painfully into your body as you move.
You die...

#..# ## ##.#######..
###### #.........#
#..).## #..####...
#)##..## #..# #..#
...##..###..##..#
....##.....)...# #
..[..#.......#####.#
._...#...###.##8@..#
.....#.### #..5.####
....#### ##94###
...## #.h..# ####
#3)K##.....# #5##
#####.# .5. ..## .


You could see a kobold demonologist, a neqoxec (summoned), a red devil
(summoned, ally target), an iron imp (summoned), a shadow imp (summoned), a
friendly guardian golem (summoned), a friendly wolf (summoned, sheltered) and a
friendly lightning spire (summoned, sheltered).

Vanquished Creatures
  A giant cockroach (D:3)
  2 ball pythons
  2 bats
  A rat (D:2)
6 creatures vanquished.

Vanquished Creatures (collateral kills)
  A two-headed ogre (D:9)
  An acid dragon (D:9)
  A water moccasin (D:8)
  An ice beast (D:6)
  2 black bears
  A sky beast (D:7)
  An ogre (D:6)
  A centaur (D:6)
  4 kobold brigands
  3 phantoms
  A bullfrog (D:6)
  A gnoll sergeant (D:8)
  A necrophage (D:6)
  4 scorpions
  An electric eel (D:7)
  A howler monkey (D:5)
  A centaur zombie (Ossuary)
  6 hounds
  2 orc priests
  2 gnoll boudas
  Ijyb (D:5)
  4 iguanas
  6 orc wizards
  Natasha (D:2)
  3 mummies (Ossuary)
  11 gnolls
  11 adders
  2 white imps
  A worm (D:3)
  2 dart slugs
  19 orcs
  4 endoplasms
  A giant cockroach (D:3)
  A gnoll zombie (Ossuary)
  2 goblins
  5 hobgoblins
  10 jackals (D:1)
  25 kobolds
  4 quokkas
  3 ball pythons
  4 bats
  2 frilled lizards
  A goblin zombie (Ossuary)
  A hobgoblin zombie (Ossuary)
  2 kobold zombies (Ossuary)
  2 orc zombies (Ossuary)
  4 rats
168 creatures vanquished.

Vanquished Creatures (others)
  Edmund (D:4)
  A black bear (D:4)
  An orc warrior (D:9)
  A gnoll (D:8)
  A goblin (D:4)
5 creatures vanquished.

Grand Total: 179 creatures vanquished

Notes
Turn   | Place    | Note
-------+----------+-------------------------------------------
     0 | D:1      | NinjaNoafa the Felid Summoner began the quest for the Orb.
     0 | D:1      | Reached XP level 1. HP: 7/7 MP: 4/4
   349 | D:1      | Reached XP level 2. HP: 11/11 MP: 0/6
   550 | D:1      | Learned a level 2 spell: Call Imp
   844 | D:1      | Reached XP level 3. HP: 10/14 MP: 1/8
   937 | D:1      | Learned a level 3 spell: Call Canine Familiar
  1651 | D:2      | Noticed Natasha
  1661 | D:2      | Killed Natasha
  1662 | D:2      | Reached skill level 5 in Summonings
  1662 | D:2      | Reached XP level 4. HP: 18/18 MP: 5/9
  2245 | D:2      | Learned a level 3 spell: Summon Guardian Golem
  2316 | D:3      | Reached skill level 1 in Hexes
  2316 | D:3      | Reached XP level 5. HP: 21/21 MP: 4/11
  2714 | D:3      | You are sucked into a shaft and drop 1 floor!
  2718 | D:4      | Noticed a black bear
  2728 | D:4      | Noticed Edmund
  3239 | D:3      | Found an ancient bone altar of Kikubaaqudgha.
  3240 | D:3      | Found a hide-covered altar of Uskayaw.
  3240 | D:3      | Found a radiant altar of Vehumet.
  3506 | D:4      | Killed a black bear
  3507 | D:4      | Gained mutation: You are covered in thick fur. (AC +2)
                  | [Felid growth]
  3507 | D:4      | Reached XP level 6. HP: 24/24 MP: 9/13
  3747 | D:4      | Reached skill level 6 in Summonings
  3893 | D:4      | Killed Edmund
  3894 | D:4      | Reached XP level 7. HP: 27/27 MP: 9/14
  4068 | D:4      | Gained mutation: You occasionally lose the ability to drink
                  | potions when taking damage. [potion of mutation]
  4068 | D:4      | Gained mutation: You are partially covered in iridescent
                  | scales. (AC +2) [potion of mutation]
  4069 | D:4      | Lost mutation: You are partially covered in iridescent
                  | scales. (AC +2) [potion of mutation]
  4069 | D:4      | Lost mutation: You occasionally lose the ability to drink
                  | potions when taking damage. [potion of mutation]
  4069 | D:4      | Gained mutation: You passively map a small area around you.
                  | [potion of mutation]
  4069 | D:4      | Gained mutation: Your magical capacity is low. (-10% MP)
                  | [potion of mutation]
  4069 | D:4      | Gained mutation: You are vulnerable to cold. (rC-) [potion
                  | of mutation]
  4070 | D:4      | Lost mutation: You passively map a small area around you.
                  | [potion of mutation]
  4070 | D:4      | Lost mutation: Your magical capacity is low. (-10% MP)
                  | [potion of mutation]
  4070 | D:4      | Lost mutation: You are vulnerable to cold. (rC-) [potion of
                  | mutation]
  4070 | D:4      | Gained mutation: Your body sometimes deteriorates upon
                  | taking damage. [potion of mutation]
  4070 | D:4      | Gained mutation: You are frail. (-10% HP) [potion of
                  | mutation]
  4084 | D:5      | Entered Level 5 of the Dungeon
  4230 | D:4      | HP: 1/24 [poisoned by an orc wizard]
  4231 | D:4      | Succumbed to an orc wizard's poison
  4232 | D:4      | Reached XP level 6. HP: 0/21 MP: 2/14
  4294 | D:4      | Reached skill level 5 in Hexes
  4558 | D:4      | Reached skill level 5 in Spellcasting
  4567 | D:4      | Found a burning altar of Makhleb.
  5180 | D:5      | Reached XP level 7. HP: 24/24 MP: 8/16
  5269 | D:5      | Reached skill level 7 in Summonings
  5507 | D:5      | Noticed Ijyb
  5545 | D:5      | Killed Ijyb
  5843 | D:6      | Reached XP level 8. HP: 21/27 MP: 14/18
  5910 | D:6      | Reached skill level 8 in Summonings
  6919 | D:7      | Reached skill level 9 in Summonings
  6963 | D:7      | Learned a level 3 spell: Confusing Touch
  7236 | D:7      | Found a sand-covered staircase.
  7245 | Ossuary  | Entered an ossuary
  7317 | Ossuary  | Lost mutation: Your body sometimes deteriorates upon taking
                  | damage. [potion of mutation]
  7317 | Ossuary  | Lost mutation: You are frail. (-10% HP) [potion of
                  | mutation]
  7317 | Ossuary  | Gained mutation: You are agile. (Dex +4, Str/Int -1)
                  | [potion of mutation]
  7317 | Ossuary  | Gained mutation: You occasionally lose the ability to drink
                  | potions when taking damage. [potion of mutation]
  7626 | D:7      | Found a broken altar of Ashenzari.
  7636 | D:7      | HP: 1/31 [something/bolt of electricity (12)]
  7776 | D:7      | Reached XP level 9. HP: 13/34 MP: 7/21
  7858 | D:7      | Found a hazy altar of Hepliaklqana.
  8095 | D:7      | Noticed a kobold demonologist
  8101 | D:7      | Noticed a soul eater
  8102 | D:7      | Noticed an orange demon
  8380 | D:7      | Noticed a kobold demonologist
  8385 | D:7      | Noticed a sixfirhy
  8392 | D:7      | Slain by a sixfirhy
  8393 | D:7      | Reached XP level 8. HP: 0/31 MP: 15/20
  8491 | D:8      | Learned a level 4 spell: Summon Lightning Spire
  8514 | D:8      | HP: 1/31 [poisoned by a kobold brigand (curare-tipped
                  | dart)]
  8626 | D:8      | Reached skill level 1 in Air Magic
  9263 | D:8      | Found a shimmering altar of Xom.
  9574 | D:9      | Found a staircase to the Lair.
  9629 | D:9      | Noticed a two-headed ogre
  9642 | D:9      | Killed a two-headed ogre
  9643 | D:9      | Reached skill level 10 in Summonings
  9643 | D:9      | Reached XP level 9. HP: 34/34 MP: 16/22
  9690 | D:9      | Found a shadowy altar of Dithmenos.
  9801 | D:9      | Noticed a kobold demonologist
  9821 | D:9      | Noticed a red devil
  9827 | D:9      | Succumbed to barbed spike wounds

Illustrated notes

Levels and vault maps discovered:
D:1:      ncdulo_watergridlock, layout_rooms, nicolae_titane
D:2:      layout_basic, uniq_natasha
D:3:      layout_basic, chequers_temple_overflow_statue_of_worship
D:4:      layout_basic, makhleb_heckhound_becter, minivault_19,
          minmay_tree_intersection, uniq_edmund
D:5:      layout_basic, uniq_ijyb
D:6:      layout_gridville, minivault_5
D:7:      layout_loops_ring, general_overflow_altar, nicolae_overflow_squiral,
          temple_hall, nicolae_ossuary_entry_monument
D:8:      layout_loops_ring, mainiacjoe_overflow_small_starburst,
          minmay_misc_feat_enclosed, corexii_hall_statues_l
D:9:      layout_rooms, okawaru_altar_gauntlet_db, mainiacjoe_overflow_alcove_2,
          lemuel_round_altar, lair_entry_dummy, orc_0_dummy

Skill      XL: |  1  2  3  4  5  6  7  8 |
---------------+-------------------------+-----
Spellcasting   | 3 4 5 6 8 |  8.8
Summonings     | 5 6 7 10 | 10.0
Hexes          | 1 3 5 |  5.0
Air Magic      | 3 |  3.9
Dodging        | |  2.6
Stealth        | |  2.6

Action                   |  1- 3 |  4- 6 |  7- 9 || total
-------------------------+-------+-------+-------++-------
Melee: Unarmed           |    17 |    11 |     7 ||    35
       Bite              |     1 |     1 |       ||     2
 Cast: Summon Small Mamm |    53 |    53 |    66 ||   172
       Call Imp          |    13 |    21 |    30 ||    64
       Call Canine Famil |     6 |    26 |    36 ||    68
       Summon Guardian G |       |     3 |    14 ||    17
       Summon Lightning  |       |       |     7 ||     7
       Confusing Touch   |       |       |     2 ||     2
  Use: Scroll            |       |     5 |     5 ||    10
       Potion            |       |       |     7 ||     7
Armor: Skin              |     7 |    20 |    26 ||    53
Dodge: Dodged            |   104 |    60 |    69 ||   233

Table legend: (Time is in decaauts)
 A = Elapsed time spent in this place.
 B = Non-inter-level travel time spent in this place.
 C = Inter-level travel time spent in this place.
 D = Time resting spent in this place.
 E = Time spent auto-exploring this place.
 F = Levels seen in this place.
 G = Mean time per level.
                   A        B        C        D        E       F      G
               +--------+--------+--------+--------+--------+-----+--------+
         Total |   8740 |   8325 |    415 |    102 |   5803 |  10 |  874.0 |
       Dungeon |   8435 |   8020 |    415 |    102 |   5630 |   9 |  937.2 |
       Ossuary |    304 |    304 |      0 |      0 |    172 |   1 |  304.0 |
               +--------+--------+--------+--------+--------+-----+--------+

Top non-repeatable levels by time:
     D:4: 1226 daAuts
     D:6: 1099 daAuts
     D:1: 1024 daAuts
     D:2: 1020 daAuts
     D:5: 1012 daAuts
     D:8: 958 daAuts
     D:7: 914 daAuts
     D:3: 890 daAuts
 Ossuary: 304 daAuts
     D:9: 288 daAuts
